 Dungeon Crawl Stone Soup version 0.17-a0-427-ga655056 (webtiles) character file.

734 RobertPalmer the Changer (level 7, -1/43 HPs)
             Began as an Octopode Transmuter on Apr 3, 2015.
             Slain by an unseen horror (8 damage)
             ... on level 6 of the Dungeon.
             The game lasted 00:11:19 (5638 turns).

RobertPalmer the Changer (Octopode Transmuter)      Turns: 5638, Time: 00:11:19

Health: -1/43      AC:  2    Str:  9    XL:     7   Next: 74%
Magic:  7/9        EV: 20    Int: 15    God:
Gold:   94         SH:  0    Dex: 23    Spells: 4 memorised, 0 levels left

rFire  . . .     SeeInvis .       - Unarmed
rCold  . . .     Clarity  .     (shield currently unavailable)
rNeg   . . .     SustAb   +     (helmet currently unavailable)
rPois  x         Gourm    .     (no amulet)
rElec  .         Spirit   .     i - ring of sustain abilities {SustAb}
rCorr  .         Warding  .     u - +3 ring of dexterity
rMut   .         Stasis   .     r - ring of teleport control {cTele, !d}
MR     .....                    (no ring)
Stlth  ++........               (no ring)
                                (no ring)
                                (no ring)
                                (no ring)

@: spider-form, not resistant to hostile enchantments, unstealthy
A: almost no armour, amphibious, 8 rings, (constrict 8), (camouflage 0),
(gelatinous body 0)
a: End Transformation, Evoke Teleport Control


You were on level 6 of the Dungeon.
You were very hungry.
You were a venomous arachnid creature.
You visited 1 branch of the dungeon, and saw 6 of its levels.

You collected 251 gold pieces.
You spent 157 gold pieces at shops.

Inventory:

Hand weapons
 p - a +1 hunting sling
   (You found it on level 2 of the Dungeon)
Missiles
 b - 10 arrows
 q - 14 arrows of dispersal {=f}
 v - 6 poisoned needles
 y - 12 arrows of frost
 C - 15 arrows of flame
Jewellery
 i - a ring of sustain abilities (left front leg) {SustAb}
   (You found it on level 1 of the Dungeon)
 r - a ring of teleport control (on tentacle) {cTele, !d}
   (You found it on level 4 of the Dungeon)
 t - an uncursed ring of teleportation {+/*tele, !d}
   (You found it on level 3 of the Dungeon)
 u - a +3 ring of dexterity (right front leg)
   (You bought it in a shop on level 4 of the Dungeon)
Scrolls
 c - 2 scrolls of teleportation
 g - a scroll of amnesia
 k - 2 scrolls of remove curse
 w - 2 scrolls of identify
 A - a scroll of enchant weapon
 B - a scroll of magic mapping {unknown}
Potions
 e - a potion of invisibility {unknown}
 h - 4 potions of curing
 l - 2 potions of heal wounds {unknown}
 m - a potion of might {unknown}
 n - 3 potions of poison {unknown}
 s - a potion of restore abilities {unknown}
 z - a potion of ambrosia {unknown}
 D - a potion of magic {unknown}
Books
 d - a book of Changes
Comestibles
 a - 6 bread rations {@e1}
 f - 4 meat rations {@e2}
 j - 3 fruits
 x - a royal jelly


   Skills:
 - Level 1.0 Fighting
 - Level 2.0 Dodging
 - Level 4.8 Unarmed Combat
 - Level 2.0 Spellcasting
 + Level 7.0 Transmutations
 - Level 2.6 Ice Magic


You couldn't memorise any spells.
You knew the following spells:

 Your Spells              Type           Power        Failure   Level  Hunger
a - Beastly Appendage     Trmt           ###...       6%          1    #......
b - Ice Form              Ice/Trmt       ###.....     56%         4    #####..
c - Spider Form           Trmt/Pois      ##........   36%         3    ###....
s - Sticks to Snakes      Trmt           ###.......   8%          2    ###....


Dungeon Overview and Level Annotations

Branches:
Dungeon (6/15)
 Temple: D:4-7

Altars:
Ashenzari
Ru

Shops:
D:4 ==%:


Innate Abilities, Weirdness & Mutations

You cannot wear most types of armour.
You are amphibious.
You can wear up to eight rings at the same time.
((You can use your tentacles to constrict eight enemies at once.))
((Your skin changes colour to match your surroundings (Stealth).))
((Your rubbery body absorbs attacks (AC +1).))


Message History

A goblin comes into view. It is wielding a dagger.
Health restored: 43; MP restored: 9 A goblin is nearby!
A goblin is nearby!
A goblin is nearby!
A goblin is nearby!
There is an open door here.
The goblin shouts!
Things that are here:
a dagger; a kobold skeleton You bludgeon the goblin!
You kill the goblin!
No target in view!
No target in view!
Your transformation is almost over.
Things that are here:
a dagger; a goblin corpse Your tentacle spike disappears.
There is an open door here.
There is an open door here.
There is an open door here.
There is a stone staircase leading down here.
You open the door.
There is an open door here.
Done exploring.
Done exploring.
Done exploring.
Done exploring.
(D) Dungeon
Where to? (Enter - D:5, ? - help)
There is a stone staircase leading down here.
You climb downwards.
There is a stone staircase leading up here.
A kobold comes into view. It is wielding a short sword.
A kobold is nearby!
A kobold is nearby!
A kobold is nearby!
A hound skeleton comes into view.
The helpless kobold fails to defend itself.
You tentacle-slap the kobold. You grab the kobold. You constrict the kobold.
You tentacle-slap the kobold.
You kill the kobold!
The hound skeleton bites you. The hound skeleton misses you.
You take 3 damage, and have 40/43 hp.
You tentacle-slap the hound skeleton. You grab the hound skeleton.
You squeeze the hound skeleton! You constrict the hound skeleton.
The hound skeleton closely misses you.
You tentacle-slap the hound skeleton but do no damage.
You constrict the hound skeleton. The hound skeleton bites you.
You take 2 damage, and have 38/43 hp.
You completely miss the hound skeleton. You constrict the hound skeleton.
The hound skeleton closely misses you.
You tentacle-slap the hound skeleton but do no damage.
You constrict the hound skeleton. The hound skeleton bites you.
You take 1 damage, and have 37/43 hp.
You tentacle-slap the hound skeleton.
You squeeze the hound skeleton, but do no damage.
You constrict the hound skeleton.
You destroy the hound skeleton!
Your Transmutations skill increases to level 7!
No target in view!
Things that are here:
a short sword; a stone You are feeling very hungry.
A goliath beetle comes into view.
A goliath beetle is nearby!
A goliath beetle is nearby!
A goliath beetle is nearby!
Okay, then.
Okay, then.
The goliath beetle twitches its antennae in your direction.
An adder skeleton comes into view.
You turn into a venomous arachnid creature.
You now have 6/9 mp.
Something barely misses you.
You hit the goliath beetle but do no damage.
The goliath beetle is poisoned.
Something hits you!
Deactivating autopickup; reactivate with Ctrl-A.
The adder skeleton barely misses you.
You take 10 damage, and have 30/43 hp.
MASSIVE DAMAGE!!
Something hits you.
You take 3 damage, and have 27/43 hp.
Something hits you but does no damage. Something closely misses you.
Something hits you!
You take 11 damage, and have 16/43 hp.
MASSIVE DAMAGE!!
You hit the adder skeleton. Something hits you. Something hits you!
* * * LOW HITPOINT WARNING * * *
The adder skeleton completely misses you.
You take 11 damage, and have 5/43 hp.
MASSIVE DAMAGE!!
Read which item? (? for menu, Esc to quit)
Okay, then.
Drink which item? (? for menu, Esc to quit)
It was a potion of curing.
You feel better. Something hits you.
* * * LOW HITPOINT WARNING * * *
Something hits you!
You die...

#...#.#.# #...#.#.#
#...#.#.#
########...#.#.#######
#...........<..........
#.#####....#.#.########
##.###.#.####.#.........
...............)........
########s#############..
.......Z...........
########.B.......#
..............####..
......###.........#
...... #.........# .....
#......... ....
#......... .. #.........


You could see a goliath beetle and an adder skeleton.

Vanquished Creatures
  A centaur (D:5)
  A scorpion (D:4)
  A centaur zombie (D:5)
  2 worker ants (D:4)
  Ijyb (D:3)
  An orc priest (D:4)
  A giant frog skeleton (D:5)
  4 hounds
  An orc wizard (D:4)
  A hound skeleton (D:6)
  Robin (D:4)
  5 adders
  A gnoll (D:5)
  A worker ant zombie (D:4)
  A shadow imp (D:5)
  A giant mite (D:1)
  3 worms
  An adder skeleton (D:4)
  4 giant geckos
  An ooze (D:5)
  10 orcs
  A ball python (D:1)
  A bat skeleton (D:4)
  20 goblins
  14 hobgoblins
  5 jackals
  13 bats
  2 giant cockroaches (D:3)
  A giant gecko zombie (D:5)
  12 giant newts
  12 kobolds
  2 quokkas
  16 rats
142 creatures vanquished.

Vanquished Creatures (collateral kills)
  An ogre (D:5)
1 creature vanquished.

Grand Total: 143 creatures vanquished

Notes
Turn   | Place    | Note
--------------------------------------------------------------
     0 | D:1      | RobertPalmer, the Octopode Transmuter, began the quest for the Orb.
     0 | D:1      | Reached XP level 1. HP: 13/13 MP: 3/3
   213 | D:1      | Reached XP level 2. HP: 16/18 MP: 2/4
   245 | D:1      | Reached skill level 3 in Transmutations
   671 | D:1      | Learned a level 2 spell: Sticks to Snakes
   744 | D:1      | Reached XP level 3. HP: 19/23 MP: 5/5
  1008 | D:2      | Learned a level 3 spell: Spider Form
  1047 | D:2      | Reached skill level 4 in Transmutations
  1047 | D:2      | Reached XP level 4. HP: 25/28 MP: 4/6
  1319 | D:2      | You fall through a shaft!
  1603 | D:3      | Learned a level 3 spell: Spider Form
  1642 | D:2      | Found a sacrificial altar of Ru.
  2424 | D:3      | Reached XP level 5. HP: 33/33 MP: 7/7
  2456 | D:3      | Noticed Ijyb
  2465 | D:3      | Killed Ijyb
  2465 | D:3      | Reached skill level 5 in Transmutations
  2916 | D:4      | Found Suexizucs's Jewellery Shoppe.
  2919 | D:4      | Noticed Robin
  2936 | D:4      | Killed Robin
  3145 | D:4      | Found Hoges's Jewellery Shoppe.
  3164 | D:4      | Bought a +3 ring of dexterity for 157 gold pieces
  3272 | D:4      | Reached skill level 4 in Unarmed Combat
  3281 | D:4      | Reached XP level 6. HP: 20/38 MP: 4/8
  3298 | D:4      | HP: 9/38 [poisoned by a worker ant]
  3303 | D:4      | HP: 8/38 [poisoned by a worker ant]
  3311 | D:4      | HP: 7/38 [poisoned by a worker ant]
  3858 | D:4      | Found Uphuag's Food Shoppe.
  3885 | D:4      | Found Gojoxt's Book Shop.
  4093 | D:4      | Reached skill level 6 in Transmutations
  4372 | D:4      | Reached XP level 7. HP: 35/43 MP: 7/9
  4643 | D:5      | Entered Level 5 of the Dungeon
  4727 | D:5      | Learned a level 4 spell: Ice Form
  4784 | D:5      | Reached skill level 1 in Ice Magic
  4977 | D:5      | Reached skill level 2 in Ice Magic
  5389 | D:5      | Found a shattered altar of Ashenzari.
  5612 | D:6      | Reached skill level 7 in Transmutations
  5637 | D:6      | HP: 5/43 [something (11)]
  5638 | D:6      | Slain by an unseen horror

Action                   |  1- 3 |  4- 6 |  7- 9 || total
-------------------------+-------+-------+-------++-------
Melee: Unarmed           |    63 |   186 |    80 ||   329
 Cast: Beastly Appendage |    11 |    15 |     3 ||    29
       Spider Form       |       |    14 |    10 ||    24
       Sticks to Snakes  |       |       |     1 ||     1
 Abil: End Transformatio |       |     5 |     4 ||     9
  Use: Scroll            |       |     9 |     2 ||    11
       Potion            |       |       |     1 ||     1
 Stab: Sleeping          |     2 |     5 |     3 ||    10
  Eat: Chunk             |       |    13 |     4 ||    17
       Fruit             |       |     1 |       ||     1

Vault maps used:
D:1:      lightli_arrival_statue_moat, kennysheep_doodads,
          grunt_decor_one_mirror, minmay_lizard_king
D:2:      overflow_temple_1_default, nrook_loot_triangle, grunt_ministairs_13
D:3:      uniq_iyjb
D:4:      first_bread, serial_shops, kennysheep_mini_moat, nicolae_shop_crystal,
          shop, shop, uniq_robin
D:5:      kennysheep_little_box, minmay_misc_feat_iff, st_stairs_7,
          nicolae_sextant
D:6:      okawaru_trees_1

Table legend:
 A = Turns spent in this place as a percentage of turns spent in the entire game.
 B = Non-inter-level travel turns spent in this place as a percentage of non-inter-level travel turns spent in the entire game.
 C = Inter-level travel turns spent in this place as a percentage of turns spent in this place.
 D = Turns resting spent in this place as a percentage of non-inter-level travel turns spent in this place.
 E = Turns spent auto-exploring this place as a percentage of non-inter-level travel turns spent in this place.
 F = Non-inter-level travel turns spent in this place divided by the number of levels of this place that you've seen.
                   A       B       C       D       E      F
               +-------+-------+-------+-------+-------+----------------------
         Total | 100.0 | 100.0 |   0.4 |   3.8 |   7.6 | 318.7
       Dungeon | 100.0 | 100.0 |   0.4 |   3.8 |   7.6 | 318.7
               +-------+-------+-------+-------+-------+----------------------

Table legend:
 A = Kills in this place as a percentage of kills in entire the game.
 B = Kills by you in this place as a percentage of kills by you in the entire game.
 C = Kills by friends in this place as a percentage of kills by friends in the entire game.
 D = Other kills in this place as a percentage of other kills in the entire game.
 E = Experience gained in this place as a percentage of experience gained in the entire game.
 F = Experience gained in this place divided by the number of levels of this place that you have seen.
                   A       B       C       D       E      F
               +-------+-------+-------+-------+-------+----------------------
         Total | 100.0 | 100.0 | 100.0 |  -nan | 100.0 | 174.8
       Dungeon | 100.0 | 100.0 | 100.0 |  -nan | 100.0 | 174.8
               +-------+-------+-------+-------+-------+----------------------
